 Dungeon Crawl Stone Soup version 0.22-a0-3-g4fa69d9a97 (webtiles) character file.

15 NixNut the Sneak (level 2, -3/16 HPs)
             Began as a Gargoyle Enchanter on Jan 1, 2018.
             Slain by a worm (7 damage)
             ... on level 2 of the Dungeon.
             The game lasted 00:01:39 (706 turns).

NixNut the Sneak (Gargoyle Enchanter)                Turns: 706, Time: 00:01:39

Health: -3/16      AC:  5    Str: 11    XL:     2   Next: 50%
Magic:  5/5        EV: 11    Int: 15    God:
Gold:   71         SH:  0    Dex: 10    Spells: 4/5 levels left

rFire    . . .     SeeInvis .   a - +1 dagger
rCold    . . .     Gourm    .   (no shield)
rNeg     + . .     Faith    .   g - +0 leather armour
rPois    ∞         Spirit   .   (no helmet)
rElec    +         Reflect  .   (no cloak)
rCorr    .         Harm     .   (no gloves)
MR       .....                  (no boots)
Stlth    ++........             (no amulet)
HPRegen  0.05/turn              (no ring)
MPRegen  0.09/turn              (no ring)

@: no status effects
A: negative energy resistance 1, electricity resistance, unbreathing,
petrification resistance, rot immunity, AC +2
a: no special abilities


You were on level 2 of the Dungeon.
You were not hungry.

You visited 1 branch of the dungeon, and saw 2 of its levels.

You collected 71 gold pieces.

Inventory:

Hand Weapons
 a - a +1 dagger (weapon)
Armour
 g - a +0 leather armour (worn)
Scrolls
 e - a scroll of enchant armour {unknown}
Potions
 b - a potion of might {unknown}
 h - a potion of curing {unknown}
Books
 c - a book of Maledictions

   Spells                             Type                      Level
   a - Corona                         Hexes                        1
   b - Ensorcelled Hibernation        Hexes/Ice                    2
   c - Confuse                        Hexes                        3
   d - Tukima's Dance                 Hexes                        3
   e - Dazzling Spray                 Conjuration/Hexes            3
Comestibles
 d - 2 rations
 f - a chunk of flesh


   Skills:
 + Level 1.0 Fighting
 + Level 1.2 Short Blades
 - Level 1.5 Dodging
 + Level 3.5 Stealth
 - Level 2.0 Spellcasting
 + Level 2.9 Hexes


You had 4 spell levels left.
You knew the following spells:

 Your Spells              Type           Power        Failure   Level  Hunger
a - Corona                Hex            ##.....      9%          1    #......


Dungeon Overview and Level Annotations

Branches:
Dungeon (2/15)

Altars:


Innate Abilities, Weirdness & Mutations

You are resistant to torment.
Your stone body is resilient. (AC +2)
You are immune to poison.
You resist negative energy. (rN+)
You are resistant to electric shocks. (rElec)
You can survive without breathing.
You are immune to petrification.
You are immune to rotting.


Message History

You hit the adder.
The adder is moderately wounded.
The adder barely misses you.
The hobgoblin hits you but does no damage.
The adder bites you. The worm bites you.
You are too injured to fight recklessly!
You are too injured to fight recklessly!
You are too injured to fight recklessly!
You are too injured to fight recklessly!
You are too injured to fight recklessly!
You are too injured to fight recklessly!
You hit the adder.
The adder is moderately wounded.
The adder barely misses you. The hobgoblin hits you with a club.
You hit the adder.
The adder is heavily wounded.
The adder bites you.
* * * LOW HITPOINT WARNING * * *
The worm bites you!
You die...

#.# .. #.####. ## #
...... ... . #....# #.#
#....# #.# #SK..######
#.#### #Sg..##...#
#.##.. ##.##
#@#####...###.##..
.....!#w#............+..
......K...###...###.##..
#.....#...# #...# #....÷
#.....#...# ##### #..#..
##### #.#.# #..#.. #.#.#
#..#.. #.#.# #..##.
#.#.# #..##.


You could see a worm, 2 adders, a hobgoblin and 2 kobolds.

Vanquished Creatures
  2 leopard geckos
  2 goblins (D:1)
  2 hobgoblins (D:1)
  2 bats (D:1)
  A frilled lizard (D:1)
  4 rats
13 creatures vanquished.

Notes
Turn   | Place    | Note
-------+----------+-------------------------------------------
     0 | D:1      | NixNut the Gargoyle Enchanter began the quest for the Orb.
     0 | D:1      | Reached XP level 1. HP: 10/10 MP: 3/3
    56 | D:1      | Reached skill level 1 in Short Blades
   256 | D:1      | Reached XP level 2. HP: 16/16 MP: 5/5
   649 | D:2      | Reached skill level 1 in Fighting
   706 | D:2      | Slain by a worm

Vault maps used:
D:1:      dpeg_arrival_boxorama, serial_park_tiny_2, minmay_misc_feat_ornament
D:2:      first_ration, minmay_misc_feat_enclosed

Skill      XL: |  1  2 |
---------------+-------+-----
Short Blades   | 1 |  1.2
Fighting       | 1 |  1.0
Dodging        | |  1.5
Stealth        | |  3.5
Spellcasting   | |  2.0
Hexes          | |  2.9

Action                   || total
-------------------------++-------
Melee: Dagger            ||    55
 Stab: Sleeping          ||     1
Armor: Robe              ||     8
       Leather armour    ||    12
Dodge: Dodged            ||    37

Table legend:
 A = Spawn XP
 B = Non-spawn XP
 C = Spawn XP percentage of total XP
 D = Spawn monster count
 E = Non-spawn monster count
 F = Spawn count percentage of total count
 G = Total turns spent on level
                    A         B        C        D         E        F      G
               +---------+---------+-------+---------+---------+-------+---------
         Total |       0 |      22 |   0.0 |       0 |      13 |   0.0 |   706
               +---------+---------+-------+---------+---------+-------+---------
           D:1 |       0 |      18 |   0.0 |       0 |      11 |   0.0 |   602
           D:2 |       0 |       4 |   0.0 |       0 |       2 |   0.0 |   104
               +---------+---------+-------+---------+---------+-------+---------
